 Dungeon Crawl Stone Soup version 0.15.0-8-gb109cf8 (webtiles) character file.

900 Patate the Skirmisher (level 8, 0/53 HPs)
             Began as a Gargoyle Fighter on Aug 29, 2014.
             Was a Follower of Trog.
             Killed by divine providence
             ... invoked by an orc priest
              (16 damage)
             ... on Level 4 of the Dungeon.
             The game lasted 00:28:53 (4689 turns).

Patate the Skirmisher (Gargoyle Fighter)            Turns: 4689, Time: 00:28:54

HP   0/53        AC 24     Str 28      XL: 8   Next:  7%
MP   8/8         EV  5     Int  8      God: Trog [*.....]
Gold 112         SH  0     Dex  9      Spells:  0 memorised,  7 levels left

rFire  . . .     SeeInvis .     b - +0 mace (protect)
rCold  . . .     Clarity  .     r - +0 plate armour
rNeg   + . .     rCorr    .     c - +0 shield
rPois  +         rRot     +     s - +1 helmet
rElec  +         Spirit   .     (no cloak)
SustAb .         Warding  .     (no gloves)
rMut   .         Stasis   .     (no boots)
Gourm  .                        (no amulet)
MR     .....                    (no ring)
                                (no ring)

@: confused, mighty, not resistant to hostile enchantments, extremely unstealthy
A: negative energy resistance 1, electricity resistance, unbreathing,
petrification resistance, rot immunity, AC +5
a: Burn Spellbooks, Berserk, Renounce Religion


You were on level 4 of the Dungeon.
You worshipped Trog.
Trog was aware of your devotion.
You were very hungry.

You visited 1 branch of the dungeon, and saw 5 of its levels.

You collected 112 gold pieces.

Inventory:

Hand weapons
 a - a +0 flail
 b - a +0 mace of protection (weapon)
Armour
 c - a +0 shield (worn)
 r - a +0 plate armour (worn)
 s - a +1 helmet (worn)
Comestibles
 d - 3 bread rations
 l - 2 beef jerkies
 n - a royal jelly
 t - a slice of pizza
Scrolls
 f - 2 scrolls of recharging {unknown}
 g - a scroll of noise {unknown}
 h - 4 scrolls of identify {unknown}
 i - a scroll of fear {unknown}
 j - 2 scrolls of remove curse {unknown}
 k - 3 scrolls of fog {unknown}
 o - 2 scrolls of enchant armour {unknown}
 u - 2 scrolls of random uselessness {unknown}
Potions
 m - a potion of brilliance
 p - a potion of invisibility


   Skills:
 * Level 7.0 Fighting
 + Level 4.4 Maces & Flails
 + Level 5.2 Armour
 + Level 5.5 Shields


You had 7 spell levels left.
You didn't know any spells.

Dungeon Overview and Level Annotations

Branches:
Dungeon (5/15)
 Temple: D:4-7

Altars:
Dithmenos
Trog
Yredelemnul

Shops:
D:4 =%

Annotations:
D:4 S. Bijoux / S. Bouffe


Innate Abilities, Weirdness & Mutations

You are resistant to torment.
You are immune to poison.
Your stone body is very resilient (AC +5).
You resist negative energy.
You are resistant to electric shocks.
You can survive without breathing.
You are immune to petrification.
You are immune to rotting.


Message History

You closely miss the orc wizard.
The orc priest becomes somewhat translucent.
You barely miss the orc wizard.
The orc wizard points at you and mumbles some strange words.
The magic dart hits you! Something hits you but does no damage.
You bludgeon the orc wizard!!
You kill the orc wizard!
Trog accepts your kill.
Trog appreciates your killing of a magic user.
You hear some strange, mumbled words.
You are confused.
Something hits you but does no damage. x2
Ouch! The orc priest prays to Beogh.
You feel troubled. Something hits you but does no damage.
The orc hits you but does no damage. Something hits you but does no damage.
Your plate armour prevents you from hitting something.
The orc priest invokes the aid of Beogh against you.
Something smites you!
You die...

.........o...o...........
###
...(###..###.............
l.## #### #.o#
#............# ...###
#..# ###.........##
<....# #####..#
###.......# .....#
##.....## ######.##
.....# #......# ###
.....# ##...o.## ....##
#....o@# ...## ##.....#
#### ##..### ###


You could see an orc priest and an orc.

Vanquished Creatures
  Pikel (D:4)
  2 ogres
  A hound (D:4)
  2 iguanas (D:4)
  An orc wizard (D:4)
  5 gnolls
  A shadow imp (D:5)
  6 adders
  2 worms
  3 giant geckos
  2 orcs
  2 ball pythons
  11 bats
  6 giant cockroaches
  6 hobgoblins
  4 jackals (D:2)
  11 kobolds
  2 oozes
  2 quokkas
  2 giant newts (D:1)
  16 goblins
  A goblin zombie (D:5)
  8 rats
  A rat zombie (D:3)
98 creatures vanquished.

Vanquished Creatures (others)
  A slave (D:4)
1 creature vanquished.

Grand Total: 99 creatures vanquished

Notes
Turn   | Place    | Note
--------------------------------------------------------------
     0 | D:1      | Patate, the Gargoyle Fighter, began the quest for the Orb.
     0 | D:1      | Reached XP level 1. HP: 14/14 MP: 1/1
   161 | D:1      | Reached XP level 2. HP: 17/20 MP: 2/2
   827 | D:1      | Reached skill level 4 in Fighting
   827 | D:1      | Reached XP level 3. HP: 13/24 MP: 3/3
  1616 | D:2      | Found a bloodstained altar of Trog.
  1721 | D:2      | Found a bloodstained altar of Trog.
  1738 | D:2      | Became a worshipper of Trog the Wrathful
  1761 | D:2      | Reached XP level 4. HP: 29/29 MP: 4/4
  1892 | D:2      | Noticed an ogre
  2259 | D:3      | Reached XP level 5. HP: 27/34 MP: 5/5
  2467 | D:3      | Acquired Trog's first power
  3009 | D:3      | Found a basalt altar of Yredelemnul.
  3009 | D:3      | Found a shadowy altar of Dithmenos.
  3462 | D:2      | Killed an ogre
  3462 | D:2      | Reached skill level 5 in Fighting
  3462 | D:2      | Reached XP level 6. HP: 24/40 MP: 6/6
  3811 | D:4      | Found Ytuewnet's Food Boutique.
  3888 | D:5      | Entered Level 5 of the Dungeon
  4034 | D:4      | Found Kyecoe's Jewellery Emporium.
  4175 | D:4      | Noticed Pikel
  4207 | D:4      | Killed Pikel
  4207 | D:4      | Reached skill level 6 in Fighting
  4207 | D:4      | Reached skill level 5 in Armour
  4207 | D:4      | Reached skill level 5 in Shields
  4207 | D:4      | Reached XP level 7. HP: 26/47 MP: 7/7
  4566 | D:5      | Reached XP level 8. HP: 50/52 MP: 8/8
  4616 | D:4      | Reached skill level 7 in Fighting
  4689 | D:4      | Killed from afar by an orc priest

Action                   |  1- 3 |  4- 6 |  7- 9 || total
-------------------------+-------+-------+-------++-------
Melee: Flail             |   149 |    48 |       ||   197
       Mace              |       |   216 |    45 ||   261
  Use: Potion            |     4 |     2 |     5 ||    11
 Stab: Invisible         |       |       |     1 ||     1
  Eat: Chunk             |     3 |     8 |     1 ||    12
